 Dungeon Crawl Stone Soup version 0.18-a0-1497-g788d838 (webtiles) character file.

307 Tomstefer the Insei (level 6, 0/33 HPs)
             Began as a Vine Stalker Monk on Mar 4, 2016.
             Slain by Eustachio
             ... wielding a +1 falchion of protection
              (2 damage)
             ... on level 4 of the Dungeon.
             The game lasted 00:07:15 (3045 turns).

Tomstefer the Insei (Vine Stalker Monk)             Turns: 3045, Time: 00:07:15

Health: 0/33       AC:  3    Str: 14    XL:     6   Next: 40%
Magic:  0/7        EV: 13    Int: 10    God:
Gold:   103        SH:  0    Dex: 18    Spells: 0 memorised, 5 levels left

rFire  . . .     SeeInvis .       - Unarmed
rCold  . . .     Gourm    .     c - +0 leather armour
rNeg   . . .     Faith    .     (no shield)
rPois  .         Spirit   +     (no helmet)
rElec  .         Dismiss  .     (no cloak)
rCorr  .         Reflect  .     (no gloves)
SustAt .         Harm     .     (no boots)
MR     .....                    (no amulet)
Stlth  ++........               (no ring)
                                (no ring)

@: lethally poisoned (0 -> -3), not resistant to hostile enchantments,
unstealthy
A: fangs 2, regeneration 2, magic shield, antimagic bite, no device heal 3, rot
immunity
a: no special abilities


You were on level 4 of the Dungeon.
You were not hungry.

You visited 1 branch of the dungeon, and saw 4 of its levels.

You collected 103 gold pieces.

Inventory:

Missiles
 j - 19 stones (quivered)
Armour
 a - a +0 robe
 c - a +0 leather armour (worn)
Jewellery
 m - an uncursed ring of protection from cold {unknown}
 v - a cursed ring of teleportation {unknown}
Scrolls
 e - a scroll of noise {unknown}
 g - a scroll of remove curse {unknown}
 h - 4 scrolls of identify {unknown}
 l - a scroll of amnesia {unknown}
 n - 2 scrolls of teleportation {unknown}
 u - a scroll of enchant weapon {unknown}
 w - a scroll of recharging {unknown}
Potions
 f - a potion of mutation {unknown}
 k - a potion of heal wounds {unknown}
 o - a potion of curing
 p - 2 potions of brilliance {unknown}
 q - a potion of haste {unknown}
 r - 2 potions of magic {unknown}
 s - a potion of berserk rage {unknown}
 t - a potion of agility {unknown}
Comestibles
 b - 5 bread rations
 d - 9 chunks of flesh
 i - a meat ration


   Skills:
 + Level 4.1 Fighting
 - Level 2.4 Dodging
 - Level 2.4 Stealth
 * Level 6.6 Unarmed Combat


You had 5 spell levels left.
You didn't know any spells.

Dungeon Overview and Level Annotations

Branches:
Dungeon (4/15)
 Temple: D:4-7

Altars:
Fedhas
Kikubaaqudgha
Makhleb
Pakellas
Ru
Xom

Annotations:
D:4 Eustachio


Innate Abilities, Weirdness & Mutations

You have extremely sharp teeth.
You heal very quickly.
When hurt, damage is shared between your health and your magic reserves.
Your bite disrupts and absorbs the magic of your enemies.
Potions and wands cannot restore your health.
You are immune to rotting.


Message History

Eustachio is heavily wounded.
The worker ant bites you.
Eustachio drinks a potion.
Eustachio is healed!
The quokka misses you. The shadow imp misses you.
The shadow imp closely misses you.
You punch Eustachio!
Eustachio is heavily wounded.
You feel sick. The worker ant bites you.
* * * LOW HITPOINT WARNING * * *
You are more poisoned.
The worker ant poisons you!
Eustachio hits you with a falchion of protection.
* * * LOW HITPOINT WARNING * * *
The quokka closely misses you. The shadow imp hits you.
* * * LOW HITPOINT WARNING * * *
The worker ant closely misses you.
You hit Eustachio but do no damage. Your bite misses Eustachio.
Eustachio is heavily wounded.
The shadow imp closely misses you.
Eustachio hits you with a falchion of protection.
You die...

[................ ...#......###
................. #............
................ ............
(.#....[.....### #...........
...............######...#....#..
#...!.....#.#................
.##..........rr................
............§ba55...............
.............5@@r))...#.......##
...#.........######.#.####.##...
.............# #.#.##....###.
................ #....#....###.
............>... #....#........
#.......[..###...#....#....####
#.........## ####....#....#
.([..###### ######....# ######


You could see Eustachio, a worker ant, 3 shadow imps, a quokka, a bat and 2
rats.

Vanquished Creatures
  2 orc priests
  3 orc wizards
  Ijyb (D:2)
  5 adders (D:3)
  2 worms (D:2)
  2 dart slugs (D:1)
  A giant gecko (D:2)
  20 orcs
  3 bats
  5 hobgoblins
  6 kobolds
  3 quokkas
  3 giant newts
  7 goblins
  7 rats
70 creatures vanquished.

Notes
Turn   | Place    | Note
--------------------------------------------------------------
     0 | D:1      | Tomstefer the Vine Stalker Monk began the quest for the Orb.
     0 | D:1      | Reached XP level 1. HP: 11/11 MP: 2/2
   128 | D:1      | Reached XP level 2. HP: 16/16 MP: 3/3
   547 | D:2      | Noticed Ijyb
   548 | D:2      | Found a sacrificial altar of Ru.
   554 | D:2      | Killed Ijyb
   554 | D:2      | Reached XP level 3. HP: 10/20 MP: 4/4
   616 | D:2      | Found a shimmering altar of Xom.
   617 | D:2      | Found a burning altar of Makhleb.
   619 | D:2      | Found an ancient bone altar of Kikubaaqudgha.
   637 | D:2      | Found an oddly glowing altar of Pakellas.
   720 | D:2      | Reached skill level 5 in Unarmed Combat
   906 | D:2      | Reached XP level 4. HP: 16/24 MP: 5/5
  1296 | D:3      | Found a blossoming altar of Fedhas.
  1432 | D:3      | Reached XP level 5. HP: 19/28 MP: 6/6
  2130 | D:3      | Reached skill level 6 in Unarmed Combat
  2255 | D:3      | Gained mutation: You heal very quickly. [Vine Stalker growth]
  2255 | D:3      | Reached XP level 6. HP: 30/33 MP: 5/7
  2983 | D:4      | Noticed Eustachio
  3045 | D:4      | Slain by Eustachio

Vault maps used:
D:1:      nicolae_arrival_memento_mori
D:2:      nicolae_overflow_hidden_temple, lemuel_crystal_altar,
          xom_teletrap_fun, uniq_crazy_yiuf_cottage, uniq_iyjb
D:3:      lemuel_crystal_altar, grunt_decor_one_mirror, serial_park_tiny_1
D:4:      enter_ossuary_2, first_bread, uniq_eustachio

Skill      XL: |  1  2  3  4  5  6 |
---------------+-------------------+-----
Fighting       | 3 4 |  4.1
Unarmed Combat | 5 6 |  6.6
Dodging        | |  2.4
Stealth        | |  2.4

Action                   |  1- 3 |  4- 6 || total
-------------------------+-------+-------++-------
Melee: Unarmed           |    64 |   159 ||   223
Throw: Stone             |       |    12 ||    12
 Stab: Sleeping          |     4 |     2 ||     6
  Eat: Chunk             |       |     7 ||     7
